Unix NetHack Version 3.7.0-66 Work-in-progress - last build Dec 5 2022 03:26:57 (dbea811729ade750c4c0c7f8ab6145c62533a6e7,branch:master). Game began 2022-12-15 20:17:26, ended 2022-12-16 08:22:07. HarmathZsolt, lawful female dwarven Cavewoman ---------- --------------- |........| ----- --------- ----- |.............| |........| ####....| ########........| |..)))## |............{| |._......|###### |.<..#### |....<..| |(..| ####..............| |.........# #....| |.......| |...| --.------------ |........| #|...-####### |.......| --|-- # |........+#[ #----- |.......| ## ## --*------- # |.......| # ## a ### ----.---- #### #### ## # # # # # # # ------.---- ## u # # |.........| --|--- -|------------ #### |.........| |....| |............|## # |.........| |..%.| |............|# -----.-#####.......%..| |...>| |.............# |.....|# |.........| ------ |............| |.....|# ----------- -------------- |.....-# ------- HarmathZsolt the Wanderer St:17 Dx:13 Co:17 In:10 Wi:9 Ch:8 Lawful S:5292 Dlvl:7 $:0 HP:0(62) Pw:12(12) AC:4 Xp:7/1238 T:7161 Latest messages: With great effort you move the boulder. You see here a jaguar corpse. There is a jaguar corpse here; eat it? [ynq] (n) y This jaguar corpse is gamey. You finish eating the jaguar corpse. Pick an object. d a dog or other canine (peaceful dog) [seen: normal vision, infravision] You descend the stairs. Where do you want to travel to? (For instructions type a '?') The water nymph pretends to be friendly. The water nymph charms you. You gladly start removing your boots. You sure are noisy. The water nymph charms you. You gladly start removing your shield. The water nymph stole an apple. You can move again. The water nymph steals a blessed +1 blue and green shield! The water nymph vanishes! What do you want to wear? [F or ?*] F You finish your dressing maneuver. You walk very quietly. w - a +2 sling (weapon in hand). b - an uncursed runed spear (alternate weapon; not wielded). In what direction? 8 You shoot 2 flint stones. The 1st flint stone hits the soldier ant. The 2nd flint stone misses the soldier ant. The soldier ant bites! The soldier ant misses! In what direction? 8 The flint stone hits the soldier ant. The soldier ant bites! The soldier ant misses! In what direction? 8 The flint stone hits the soldier ant. You begin bashing monsters with your sling. You hit the soldier ant. The soldier ant bites! The soldier ant stings! The soldier ant bites! The soldier ant stings! In what direction? 8 The flint stone hits the soldier ant! The soldier ant bites! You die... Do you want your possessions identified? [ynq] (y) y Do you want to see your attributes? [ynq] (y) y Do you want an account of creatures vanquished? [ynaq] (y) y Do you want to see your conduct and achievements? [ynq] (y) y Do you want to see the dungeon overview? [ynq] (y) y Inventory: Weapons w - a +2 sling (weapon in hand) b - a +0 elven spear (alternate weapon; not wielded) y - a +3 spear g - the rustproof +0 Snickersnee Armor D - an uncursed +0 orcish helm (being worn) F - an uncursed +0 pair of elven boots (being worn) C - an uncursed -2 cloak of invisibility (being worn) B - an uncursed +0 elven mithril-coat (being worn) Comestibles s - an uncursed slime mold R - an uncursed slime mold S - 2 uncursed food rations j - an uncursed fortune cookie n - 2 uncursed tripe rations P - an uncursed tripe ration L - an uncursed lichen corpse Scrolls V - an uncursed scroll of earth Rings N - a cursed ring of hunger p - an uncursed +1 ring of increase accuracy (on right hand) Wands X - a wand of enlightenment (0:12) E - a wand of light (0:12) O - a wand of striking (0:7) Tools T - a cursed magic whistle named magic m - an uncursed skeleton key Gems/Stones Z - an uncursed worthless piece of violet glass q - 20 uncursed rocks HarmathZsolt the Cavewoman's attributes: Background: You were a Wanderer, a level 7 dwarven Cavewoman. You were lawful, on a mission for Anu who was opposed by Ishtar (neutral) and Anshar (chaotic). You were in the Dungeons of Doom, on level 7. You entered the dungeon 7161 turns ago. You had 1238 experience points, 42 more were needed to attain level 8. Your score was 5292 before end-of-game adjustments. Basics: You had 0 out of 62 hit points. You had all 12 energy points (spell power). Your armor class was 4. Your wallet was empty. Autopickup was off. Final Characteristics: Your strength was 17 (peak:18/02, limit:18/100). Your dexterity was 13 (limit:20). Your constitution was 17 (limit:20). Your intelligence was 10 (limit:16). Your wisdom was 9 (limit:16). Your charisma was 8 (limit:16). Final Status: You were not hungry. You were unencumbered. You were wielding a sling. You had basic skill with sling. Final Attributes: You were piously aligned. You were telepathic. You had infravision. You were invisible. You were stealthy. You had a small bonus to hit (+1). You were guarded. You were fast. You were lucky. You are dead. Miscellaneous: You never encountered a bones level. Total elapsed playing time was 1 hour, 30 minutes and 2 seconds. Major events: Turn 1: HarmathZsolt the lawful dwarven Cavewoman entered the dungeon 1246: attained the rank of Aborigine (level 3) 1391: entered the Gnomish Mines 2130: reached Mine Town 4662: was bestowed with Snickersnee by Anu 4882: attained the rank of Wanderer (level 6) 6705: entered Sokoban 7161: killed by a soldier ant Vanquished creatures: a chameleon 2 giant beetles 2 quivering blobs 3 wolves an orc-captain an iron piercer a vampire bat an ogre 3 brown puddings 2 jaguars a gnome mummy 2 human zombies 3 Woodland-elves a soldier ant a wood nymph an orc shaman a rock piercer 2 rock moles a pony 2 yellow lights a kobold mummy a gray ooze a straw golem 3 giant ants 4 floating eyes a kitten 3 kobold shamans 3 hill orcs 4 rothes a rabid rat 2 giant bats an orc zombie 2 wererats 3 iguanas 2 acid blobs 2 giant rats 3 cave spiders 2 brown molds a yellow mold a green mold a red mold a gnome a gnome zombie 4 geckos 11 jackals a fox 3 goblins 6 sewer rats 8 grid bugs 8 lichens 3 kobold zombies 9 newts 129 creatures vanquished. No species were genocided or became extinct. Voluntary challenges: You read items or engraved 3 times. You never engraved Elbereth. You never genocided any monsters. You never polymorphed an object. You never changed form. You used no wishes. You violated the special Sokoban rules once. Achievements: You attained the rank of Aborigine. You entered the Gnomish Mines. You entered Minetown. You entered a shop. You entered a temple. You attained the rank of Wanderer. You entered Sokoban. The Dungeons of Doom: levels 1 to 7 Level 1: Level 2: A grave. Level 3: Stairs down to The Gnomish Mines. Level 4: Level 5: A fountain. Level 6: Many fountains. Oracle of Delphi. Level 7: <- You were here. An altar to Anu, a fountain. Stairs up to Sokoban, level 6. Final resting place for you, killed by a soldier ant. The Gnomish Mines: levels 4 to 7 Level 4: Level 5: Level 6: Many shops, a temple to Anu, some fountains, some trees. Level 7: Sokoban: Level 6: Unsolved. Game over: ---------- / \ / REST \ / IN \ / PEACE \ / \ | HarmathZsolt | | 0 Au | | killed by a | | soldier ant | | | | | | 2022 | *| * * * | * _________)/\\_//(\/(/\)/\//\/|_)_______ Goodbye HarmathZsolt the Cavewoman... You died in The Dungeons of Doom on dungeon level 7 with 5292 points, and 0 pieces of gold, after 7161 moves. You were level 7 with a maximum of 62 hit points when you died.